 Seeded DCSS version 0.31-a0-221-gbddc013574 (webtiles) character file.

Game seed: 8207765999385885702 (custom seed)

12472 timneilson the Nimble (level 11, -4/84 HPs)
             Began as a Demonspawn Gladiator on July 4, 2023.
             Was a Priest of Qazlal.
             Shot with an arrow by Nessos (18 damage)
             ... on level 12 of the Dungeon.
             The game lasted 00:20:28 (9555 turns).

timneilson the Nimble (Demonspawn Gladiator)        Turns: 9555, Time: 00:20:29

Health: -4/84      AC: 17    Str: 26    XL:     11   Next: 62%
Magic:  16/16      EV: 25    Int: 12    God:    Qazlal [***...]
Gold:   1524       SH:  4    Dex: 17    Spells: 10/10 levels left

rFire   + . .        f - +7 war axe of Royalism {venom, Str+4}
rCold   . . .        (no shield)
rNeg    . . .        c - +2 scale mail of the Forsaken Nightcaps {Will+ Int+3}
rPois   +            y - +2 helmet
rElec   .            g - +1 cloak of Quantum Leap {Harm rPois Will+}
rCorr   .            D - +0 pair of gloves
SInv    .            (no boots)
Will    ++...        (no amulet)
Stlth   +            u - ring of Lifour {rF+ EV+5 Str+3}
HPRegen 0.34/turn    (no ring)
MPRegen 0.15/turn

%: harm (+30% outgoing, +20% incoming)
@: agile, lethally poisoned (-4 -> -13), studying Summonings
A: thin skeletal structure 1, powered by death 2, powered by pain 2, demonic
touch 1
a: Renounce Religion, Upheaval, Elemental Force


You were on level 12 of the Dungeon.
You worshipped Qazlal.
Qazlal was most pleased with you.
You visited 2 branches of the dungeon, and saw 13 of its levels.

You collected 1696 gold pieces.
You spent 172 gold pieces at shops.

Inventory:

Hand Weapons
 f - the +7 war axe of Royalism (weapon) {venom, Str+4}
   (You found it on level 3 of the Dungeon)

   Str:       It affects your strength (+4).
 p - a +3 war axe of flaming
Missiles
 d - 4 throwing nets (quivered)
 e - a javelin
Armour
 c - the +2 scale mail of the Forsaken Nightcaps (worn) {Will+ Int+3}
   (You found it on level 7 of the Dungeon)

   Int:       It affects your intelligence (+3).
   Will:      It increases your willpower.
 g - the +1 cloak of Quantum Leap (worn) {Harm rPois Will+}
   (You found it on level 3 of the Dungeon)

   rPois:     It protects you from poison.
   Harm:      It increases damage dealt and taken.
   Will:      It increases your willpower.
 y - a +2 helmet (worn)
 A - a +0 plate armour
 D - a +0 pair of gloves (worn)
 F - +0 acid dragon scales
Jewellery
 i - a ring of ice
 u - the ring of Lifour (left hand) {rF+ EV+5 Str+3}
   (You acquired it on level 7 of the Dungeon)

   [ring of evasion]

   EV:        It affects your evasion (+5).
   Str:       It affects your strength (+3).
   rF:        It protects you from fire.
Wands
 r - a wand of mindburst (4)
 z - a wand of quicksilver (11)
Scrolls
 h - 3 scrolls of revelation
 o - 7 scrolls of teleportation
 q - 3 scrolls of blinking
 s - a scroll of poison
 v - a scroll of immolation
 B - a scroll of enchant weapon
 H - 2 scrolls of enchant armour
Potions
 a - 2 potions of enlightenment
 b - a potion of ambrosia
 j - 6 potions of haste
 k - 2 potions of heal wounds
 l - 2 potions of might
 m - 9 potions of curing
 n - 2 potions of attraction
 t - a potion of invisibility
 x - a potion of mutation
 C - a potion of lignification
 E - a potion of brilliance {unknown}
Miscellaneous
 w - a phial of floods
 I - a phantom mirror


   Skills:
 + Level 7.0 Fighting
 - Level 3.1 Long Blades
 * Level 8.1 Axes
 - Level 1.7 Throwing
 * Level 8.5 Armour
 * Level 9.0 Dodging
 + Level 7.4 Invocations
 + Level 4.2 Evocations


You had 10 spell levels left.
You didn't know any spells.
Your spell library contained the following spells:

 Spells                   Type           Power      Damage    Failure   Level
 Freeze                   Ice            0%         1d3       56%         1
 Sublimation of Blood     Necr           0%         N/A       71%         2
 Frozen Ramparts          Ice            0%         1d1       90%         3
 Hailstorm                Conj/Ice       0%         3d3       90%         3
 Ignite Poison            Fire/Tmut/Pois 0%         N/A       90%         3
 Summon Guardian Golem    Hex/Summ       0%         N/A       90%         3
 Volatile Blastmotes      Fire/Tloc      0%         2d10      90%         3
 Fulminant Prism          Conj/Hex       0%         3d5       100%        4
 Iskenderun's Mystic Bla  Conj/Tloc      0%         2d3       100%        4
 Petrify                  Tmut/Erth      0%         N/A       100%        4
 Sticky Flame             Conj/Fire      0%         2d3       100%        4
 Blade Hands              Tmut           0%         N/A       100%        5
 Irradiate                Conj/Tmut      0%         3d11      100%        5
 Lee's Rapid Deconstruct  Erth           0%         3d4*      100%        5
 Simulacrum               Ice/Necr       0%         N/A       100%        6
 Dragon Form              Tmut           0%         N/A       100%        7
 Orb of Destruction       Conj           0%         9d5       100%        7
 Ozocubu's Refrigeration  Ice            0%         4d7       100%        7
 Spellforged Servitor     Conj/Summ      0%         N/A       100%        7
 Ignition                 Fire           0%         3d3       100%        8
 Polar Vortex             Ice            0%         N/A       100%        9


Dungeon Overview and Level Annotations

Branches:
Dungeon (12/15)            Temple (1/1) D:5            Lair (0/5) D:9
    Orc (0/2) D:9

Altars:
Ashenzari
Cheibriados
Dithmenos
Fedhas
Gozag
Hepliaklqana
Kikubaaqudgha
Makhleb
Nemelex Xobeh
Okawaru
Qazlal
Ru
Sif Muna
Trog
Uskayaw
Vehumet
Wu Jian
Xom
Yredelemnul

Shops:
D:2 :   D:7 *   D:9 *

Portals:
Trove: D:11 (give 13 scrolls of teleportation)

Annotations:
D:6 2 transporters, benadryl's ghost, novice DEEE
D:12 Nessos


Innate Abilities, Weirdness & Mutations

You have a somewhat thin skeletal structure. (Dex +2, Stealth+)
You regenerate health from kills.
You sometimes gain power by taking damage.
Your touch may inflict minor irresistible damage on your foes.


Message History

You slice the yak!!
You kill the yak!
Qazlal accepts your kill.
You now have 1524 gold pieces (gained 11).
You see here a yak corpse.
You hear a shout!
Nessos the Markscentaur comes into view.
Nessos wields a +1 longbow of flaming.
It bursts into flame!
Nessos shoots an arrow.
The arrow hits you!! The arrow burns you.
Nessos gestures wildly while chanting.
Nessos seems to speed up.
Nessos shoots an arrow.
The arrow hits you! The arrow burns you.
Nessos gestures wildly while chanting.
Nessos blinks!
Nessos casts a spell.
Nessos blinks!
You hit Nessos but do no damage.
Nessos is poisoned.
Nessos unwields a +1 longbow of flaming.
It stops flaming.
Nessos closely misses you. Nessos kicks you.
Nessos casts a spell.
Nessos blinks!
Nessos wields a +1 longbow of flaming.
It bursts into flame!
Nessos shoots an arrow.
The arrow misses you.
You see here a yak corpse.
Nessos is engulfed in a thunderstorm.
Nessos mumbles some strange words.
Nessos blinks!
Nessos casts a spell.
Nessos blinks!
Nessos shoots an arrow.
The arrow hits you!!
* * * LOW HITPOINT WARNING * * *
You focus on the pain.
You feel agile all of a sudden.
You see here a yak corpse.
Nessos shoots an arrow.
The arrow hits you!
* * * LOW HITPOINT WARNING * * *
The arrow burns you.
You are poisoned.
* * * LOW HITPOINT WARNING * * *
Nessos shoots an arrow.
The arrow hits you!
You die...

.. #.# # #.
#.# #. #.#
#.#
#.##.####.##
#...... ...
#.....# #.#
#.....###.#
#..§○#.#.###
#....†@..§.#
###.##.###c#
#.#### .#
#.# # #.#
#.# #.# #.#
#.#


You could see Nessos (fast, very poisoned).

Vanquished Creatures
  An orange crystal statue (D:10)
  An ugly thing (D:9)
  2 manticores (D:11)
  A cyclops (D:7)
  A gargoyle (D:11)
  An unseen horror (D:11)
  2 trolls (D:9)
  A hornet (D:11)
  A slime creature (D:7)
  A shadow (D:9)
  A wraith (D:11)
  14 yaks
  5 wyverns (D:9)
  A vampire (D:10)
  2 steam dragons
  A vampire mosquito (D:7)
  4 acid dragons
  6 water moccasins
  8 orc warriors
  3 sky beasts (D:7)
  5 ogres
  A black bear (D:8)
  2 ice beasts
  A phantom (D:4)
  3 bullfrogs
  2 gnoll sergeants
  5 scorpions
  12 wights
  5 killer bees (D:8)
  3 howler monkeys
  A jelly (D:5)
  5 orc priests
  3 hounds
  A sleepcap (D:7)
  4 iguanas
  14 orc wizards
  10 gnolls
  8 adders
  A white imp (D:7)
  A worm (D:3)
  3 dart slugs
  41 orcs
  7 endoplasms
  3 giant cockroaches
  7 goblins
  11 hobgoblins
  2 jackals (D:1)
  8 kobolds
  3 quokkas
  9 ball pythons
  2 bats
  3 frilled lizards
  3 rats
246 creatures vanquished.

Vanquished Creatures (others)
  A steam dragon (D:7)
  An orc (D:7)
2 creatures vanquished.

Grand Total: 248 creatures vanquished

Notes
Turn   | Place    | Note
-------+----------+-------------------------------------------
     0 | D:1      | timneilson the Demonspawn Gladiator began the quest for the
                  | Orb.
     0 | D:1      | Reached XP level 1. HP: 16/16 MP: 1/1
    52 | D:1      | You fall into a shaft and drop 1 floor!
   186 | D:2      | Gained mutation: Your touch may inflict minor irresistible
                  | damage on your foes. [demonic ancestry]
   186 | D:2      | Reached XP level 2. HP: 22/22 MP: 2/2
   296 | D:2      | Found Ditoogik's Book Boutique.
   346 | D:2      | Reached skill level 3 in Dodging
   361 | D:2      | Reached skill level 1 in Armour
   789 | D:1      | Reached XP level 3. HP: 27/27 MP: 3/3
  1674 | D:3      | Identified the +1 cloak of Quantum Leap {Harm rPois Will+}
  1772 | D:3      | Reached XP level 4. HP: 24/34 MP: 4/4
  1976 | D:3      | Identified the +7 war axe of Royalism {venom, Str+4}
  2310 | D:3      | Identified a scroll of acquirement
  2310 | D:3      | Acquired 973 gold pieces
  2644 | D:4      | Gained mutation: You have a somewhat thin skeletal
                  | structure. (Dex +2, Stealth+) [demonic ancestry]
  2644 | D:4      | Reached XP level 5. HP: 39/39 MP: 5/5
  2694 | D:4      | Reached skill level 1 in Axes
  2804 | D:4      | Reached skill level 4 in Dodging
  2932 | D:4      | Noticed an ogre
  2935 | D:4      | Reached XP level 6. HP: 43/47 MP: 6/6
  3132 | D:4      | Gained mutation: You regenerate a little health from kills.
                  | [demonic ancestry]
  3132 | D:4      | Reached XP level 7. HP: 44/52 MP: 7/7
  3292 | D:5      | Entered Level 5 of the Dungeon
  3559 | D:5      | Found a staircase to the Ecumenical Temple.
  3572 | Temple   | Entered the Ecumenical Temple
  3649 | Temple   | Became a worshipper of Qazlal Stormbringer
  3934 | D:5      | Reached skill level 5 in Dodging
  4034 | D:5      | Reached skill level 1 in Invocations
  4256 | D:6      | Reached XP level 8. HP: 58/60 MP: 7/9
  4285 | D:6      | Found a transporter.
  4286 | D:6      | Noticed benadryl's ghost (novice DEEE)
  4287 | D:6      | Found a transporter.
  4287 | D:6      | Identified the +1 dire flail "Wimuuxzugg" {flame, rElec
                  | rN+++ Int-4 Dex-3}
  4966 | D:6      | Reached skill level 5 in Armour
  5108 | D:6      | Reached * piety under Qazlal
  5109 | D:6      | Reached skill level 6 in Dodging
  5330 | D:6      | Reached skill level 5 in Axes
  5330 | D:6      | Gained mutation: You sometimes gain a little power by
                  | taking damage. [demonic ancestry]
  5330 | D:6      | Reached XP level 9. HP: 63/66 MP: 11/11
  5597 | D:7      | Acquired the ring of Lifour {rF+ EV+5 Str+3}
  5852 | D:7      | Reached skill level 5 in Fighting
  5930 | D:7      | Found Dees Oca's Assorted Antiques.
  5936 | D:7      | Bought a shiny helmet for 172 gold pieces
  6133 | D:7      | Identified the +2 scale mail of the Forsaken Nightcaps
                  | {Will+ Int+3}
  6185 | D:7      | Noticed a cyclops
  6217 | D:7      | Reached skill level 7 in Dodging
  6249 | D:7      | Reached skill level 1 in Evocations
  6416 | D:7      | Killed a cyclops
  6567 | D:7      | Reached skill level 5 in Invocations
  6567 | D:7      | Gained mutation: You regenerate health from kills. [demonic
                  | ancestry]
  6567 | D:7      | Reached XP level 10. HP: 71/74 MP: 13/13
  6569 | D:7      | Reached ** piety under Qazlal
  7386 | D:9      | Found a staircase to the Lair.
  7411 | D:9      | Reached skill level 8 in Dodging
  7447 | D:9      | Found Sopanaen's Overcharged Wands.
  7623 | D:9      | Reached *** piety under Qazlal
  7643 | D:9      | Found a staircase to the Orcish Mines.
  7876 | D:9      | Noticed a white ugly thing
  7879 | D:9      | Killed a white ugly thing
  7880 | D:9      | Gained mutation: You sometimes gain power by taking damage.
                  | [demonic ancestry]
  7880 | D:9      | Reached XP level 11. HP: 25/83 MP: 15/15
  8147 | D:10     | Entered Level 10 of the Dungeon
  8387 | D:10     | Noticed an orange crystal statue
  8895 | D:10     | Killed an orange crystal statue
  9007 | D:11     | Reached skill level 9 in Dodging
  9122 | D:11     | Found a portal to a secret trove of treasure.
  9542 | D:12     | Noticed Nessos
  9555 | D:12     | Shot with an arrow by Nessos

Illustrated notes

Levels and vault maps discovered:
D:1:      psy_arrival_terrarium, layout_loops_corners
D:2:      layout_basic, serial_shops, shop
D:3:      layout_basic
D:4:      layout_loops_ring, glass_columns_a
D:5:      layout_rooms, minmay_temple_entry_trees, serial_corexii_hall,
          corexii_hall_statues_x, corexii_hall_statues_i,
          hangedman_abyss_or_decor_stabs
D:6:      layout_basic, lemuel_doored_altar, gammafunk_ghost_smash
D:7:      minmay_the_grid_triangle_9x9_rhombus_thin
          [minmay_the_grid_triangle_9x9_minimal,
          minmay_the_grid_triangle_9x9_prize_top_heavy,
          minmay_the_grid_triangle_9x9_empty,
          minmay_the_grid_triangle_9x9_wacky_v], layout_basic, serial_shops,
          nicolae_shop_tiny_waterfront, hangedman_misty_isle
D:8:      layout_rooms
D:9:      layout_layer_cave, minmay_lair_entry_grove, david_orc_4,
          nicolae_shop_overcharged_wands
D:10:     layout_loops_ring, small_statue_alley_a
D:11:     layout_rooms, enter_trove_0
D:12:     layout_loops_ring, uniq_nessos
Temple:   minmay_crystal_snake_temple

Skill      XL: |  1  2  3  4  5  6  7  8  9 10 11 |
---------------+----------------------------------+-----
Dodging        | 3 4 5 6 7 8 9 |  9.0
Armour         | 1 2 3 4 5 6 7 8 |  8.5
Long Blades    | 3 |  3.1
Axes           | 1 2 3 5 6 7 8 |  8.1
Fighting       | 3 4 5 6 7 |  7.0
Invocations    | 1 3 5 6 7 |  7.4
Evocations     | 1 3 4 |  4.2
Throwing       | |  1.7

Action                     |  1- 3 |  4- 6 |  7- 9 | 10-12 || total
---------------------------+-------+-------+-------+-------++-------
  Melee: Long sword        |   107 |    10 |       |       ||   117
         Touch             |    12 |     8 |    28 |    29 ||    77
         Punch             |     1 |     1 |     1 |     3 ||     6
         War axe           |       |    49 |   127 |   155 ||   331
  Evoke: Wand              |       |       |       |     1 ||     1
    Use: Scroll            |     5 |     4 |     8 |    10 ||    27
         Potion            |       |     1 |       |       ||     1
   Stab: Sleeping          |     1 |     2 |     3 |       ||     6
 Armour: Leather armour    |    27 |     9 |       |       ||    36
         Ring mail         |       |    11 |    10 |       ||    21
         Chain mail        |       |       |    46 |       ||    46
         Scale mail        |       |       |     7 |    53 ||    60
  Dodge: Dodged            |    72 |    31 |    91 |   200 ||   394
  Block: Other             |       |       |     4 |    37 ||    41

Table legend: (Time is in decaauts)
 A = Elapsed time spent in this place.
 B = Non-inter-level travel time spent in this place.
 C = Inter-level travel time spent in this place.
 D = Time resting spent in this place.
 E = Time spent auto-exploring this place.
 F = Levels seen in this place.
 G = Mean time per level.
                   A        B        C        D        E       F      G
               +--------+--------+--------+--------+--------+-----+--------+
         Total |   9664 |   9094 |    570 |    450 |   6704 |  13 |  743.4 |
       Dungeon |   9439 |   8906 |    533 |    450 |   6543 |  12 |  786.6 |
        Temple |    224 |    187 |     37 |      0 |    161 |   1 |  224.0 |
               +--------+--------+--------+--------+--------+-----+--------+

Top non-repeatable levels by time:
     D:6: 1365 daAuts
     D:7: 1303 daAuts
     D:4: 958 daAuts
     D:3: 906 daAuts
     D:1: 869 daAuts
    D:10: 828 daAuts
     D:9: 770 daAuts
     D:2: 679 daAuts
     D:5: 662 daAuts
    D:11: 524 daAuts
     D:8: 506 daAuts
  Temple: 224 daAuts
    D:12: 64 daAuts
